 Dungeon Crawl Stone Soup version 0.31-a0-845-g9abc20d24f (webtiles) character file.

Game seed: 15446621678892163683

601 wvc the Magician (level 7, -10/46 HPs)
             Began as a Human Wanderer on Oct 1, 2023.
             Was a Believer of Kikubaaqudgha.
             Mangled by an ogre
             ... wielding a +0 giant club
              (31 damage)
             ... on level 6 of the Dungeon.
             The game lasted 00:18:20 (6036 turns).

wvc the Magician (Human Wanderer)                   Turns: 6036, Time: 00:18:22

Health: -10/46     AC: 10    Str:  9    XL:     7   Next: 69%
Magic:  13/14      EV: 16    Int: 17    God:    Kikubaaqudgha [**....]
Gold:   381        SH:  0    Dex: 13    Spells: 11/16 levels left

rFire   + . .        a - +0 dagger (drain)
rCold   + . .        (no shield)
rNeg    . . .        x - +1 robe {rC+ rF+}
rPois   .            i - +2 helmet
rElec   .            (no cloak)
rCorr   +            t - +2 pair of gloves
SInv    .            q - +0 pair of boots
Will    .....        (no amulet)
Stlth   ++           d - ring of resist corrosion
HPRegen 0.27/turn    y - +5 ring of evasion
MPRegen 0.14/turn

%: no passive effects
@: no status effects
A: no striking features
a: Renounce Religion, Unearth Wretches


You were on level 6 of the Dungeon.
You worshipped Kikubaaqudgha.
Kikubaaqudgha was pleased with you.
You visited 1 branch of the dungeon, and saw 6 of its levels.

You collected 381 gold pieces.

Inventory:

Hand Weapons
 a - a +0 dagger of draining (weapon)
 c - a +2 spear of freezing
Missiles
 b - a throwing net
 g - 8 poisoned darts
Armour
 i - a +2 helmet (worn)
 q - a +0 pair of boots (worn)
 t - a +2 pair of gloves (worn)
 x - a +1 robe of resistance (worn)
Magical Staves
 p - a staff of conjuration
Jewellery
 d - a ring of resist corrosion (left hand)
 h - a ring of see invisible
 y - a +5 ring of evasion (right hand)
Scrolls
 f - 2 scrolls of noise
 j - a scroll of teleportation
 k - a scroll of immolation
 m - a scroll of blinking {unknown}
 o - a scroll of fog {unknown}
 v - a scroll of poison
Potions
 e - a potion of enlightenment
 l - a potion of curing
 n - a potion of ambrosia
 r - 2 potions of magic
 s - a potion of attraction {unknown}
 u - 2 potions of might
 w - 2 potions of lignification


   Skills:
 - Level 1.0 Stealth
 + Level 5.1 Spellcasting
 * Level 2.9 Conjurations
 + Level 1.9 Necromancy
 - Level 3.2 Transmutations
 * Level 2.3 Air Magic
 - Level 5.0 Poison Magic


You had 11 spell levels left.
You knew the following spells:

 Your Spells              Type           Power      Damage    Failure   Level
a - Sting                 Tmut/Pois      72%        1d6       2%          1
b - Necrotise             Necr           40%        1d6       6%          1
c - Mephitic Cloud        Conj/Pois/Air  15%        N/A       11%         3

Your spell library contained the following spells:

 Spells                   Type           Power      Damage    Failure   Level
 Wereblood                Tmut           15%        N/A       5%          2
 Cigotuvi's Dreadful Rot  Necr/Pois/Air  28%        N/A       6%          2
 Sublimation of Blood     Necr           10%        N/A       10%         2
 Passwall                 Tmut/Erth      7%         N/A       11%         2
 Apportation              Tloc           8%         N/A       14%         1
 Sandblast                Erth           8%         2d5       14%         1
 Summon Small Mammal      Summ           16%        N/A       14%         1
 Vampiric Draining        Necr           10%        2d6       19%         3
 Olgreb's Toxic Radiance  Pois           21%        N/A       19%         4
 Lesser Beckoning         Tloc           8%         N/A       22%         2
 Stone Arrow              Conj/Erth      18%        3d8       24%         3
 Gell's Gravitas          Tloc           4%         N/A       38%         3
 Summon Guardian Golem    Hex/Summ       4%         N/A       38%         3
 Teleport Other           Tloc           4%         N/A       38%         3
 Brom's Barrelling Bould  Conj/Erth      9%         2d3       61%         4
 Animate Armour           Summ/Erth      8%         N/A       80%         4
 Orb of Destruction       Conj           7%         9d6       100%        7
 Spellforged Servitor     Conj/Summ      4%         N/A       100%        7
 Lehudib's Crystal Spear  Conj/Erth      4%         10d3      100%        8


Dungeon Overview and Level Annotations

Branches:
Dungeon (6/15)             Temple (0/1) D:5

Altars:
Kikubaaqudgha

Annotations:
D:2 Sigmund


Message History

The ogre shouts!
The ogre hits you with a +0 giant club.
You closely miss the ogre. The ogre hits you with a +0 giant club!
Aiming: Sting (safe; 2% risk of failure)
Press: ? - help, Q - select action, (/) - cycle Shift-Dir - straight line, f - ogre
Aim: an ogre, wielding a +0 giant club (88% to hit)
The sting hits the ogre.
The ogre is poisoned.
The ogre is lightly wounded.
The ogre attacks as it pursues you! The ogre misses you.
The ogre attacks as it pursues you! The ogre closely misses you.
Aiming: Sting (safe; 2% risk of failure)
Press: ? - help, Q - select action, (/) - cycle Shift-Dir - straight line, f/p - ogre
Aim: an ogre, wielding a +0 giant club (lightly wounded, poisoned, 88% to hit)
The sting hits the ogre.
The ogre looks even sicker.
The ogre is lightly wounded.
The ogre attacks as it pursues you! The ogre misses you.
The ogre attacks as it pursues you! The ogre hits you with a +0 giant club!
Aiming: Sting (safe; 2% risk of failure)
Press: ? - help, Q - select action, (/) - cycle Shift-Dir - straight line, f/p - ogre
Aim: an ogre, wielding a +0 giant club (moderately wounded, poisoned, 88% to hit)
The sting hits the ogre.
The ogre looks even sicker.
The ogre is heavily wounded.
The ogre attacks as it pursues you! The ogre completely misses you.
The ogre attacks as it pursues you! The ogre hits you with a +0 giant club!
Aiming: Sting (safe; 2% risk of failure)
Press: ? - help, Q - select action, (/) - cycle Shift-Dir - straight line, f/p - ogre
Aim: an ogre, wielding a +0 giant club (heavily wounded, poisoned, 88% to hit)
The sting hits the ogre.
The ogre looks even sicker.
The ogre is severely wounded.
An ufetubus comes into view.
The ogre attacks as it pursues you! The ogre closely misses you.
The ufetubus shouts!
You hit the ogre.
The ogre is severely wounded.
The ufetubus completely misses you.
The ufetubus hits you but does no damage.
The ogre hits you with a +0 giant club!!
Ouch! That really hurt!
You die...
Kikubaaqudgha rasps: "You have failed me!
Welcome... death!"

♣♣♣♣.♣♣♣♣.♣♣
♣....♣♣
♣...♣♣..♣
♣♣♣♣..♣♣
♣♣♣....♣♣
♣♣..♣ ♣♣.♣♣♣
♣♣♣..♣♣ ♣♣♣)♣
♣♣♣♣....♣
♣.)♣♣
♣♣♣.....♣♣♣
♣.♣♣
♣♣....♣♣♣♣
♣.♣♣
♣♣♣♣...♣♣♣
♣♣.♣♣♣♣.5@O♣♣♣
♣♣.....♣♣♣♣
♣♣♣♣...♣ ♣...♣
.......
♣..♣♣♣♣♣♣ ..♣♣
♣♣♣


You could see an ogre (poisoned) and an ufetubus.

Vanquished Creatures
  A bullfrog (D:6)
  A howler monkey (D:6)
  3 jellies
  An orc priest (D:6)
  A gnoll bouda (D:4)
  An iguana (D:6)
  2 orc wizards (D:6)
  12 gnolls
  4 adders
  An ufetubus (D:5)
  10 orcs
  4 bats
  7 endoplasms
  3 giant cockroaches
  12 goblins
  13 hobgoblins
  8 jackals
  3 quokkas
  6 ball pythons
  4 frilled lizards
  8 kobolds
  4 rats
109 creatures vanquished.

Notes
Turn   | Place    | Note
-------+----------+-------------------------------------------
     0 | D:1      | wvc the Human Wanderer began the quest for the Orb.
     0 | D:1      | wvc set off with the following items: a +0 dagger, a potion
                  | of haste, a +0 robe, a +0 helmet; and the following spell
                  | memorised: Sting; and the following spells available to
                  | memorise: Wereblood, Passwall, Mephitic Cloud, Olgreb's
                  | Toxic Radiance.
     0 | D:1      | Reached XP level 1. HP: 13/13 MP: 3/3
   278 | D:1      | Reached XP level 2. HP: 19/19 MP: 5/5
   680 | D:1      | Learned a level 1 spell: Necrotise
   903 | D:2      | Found an ancient bone altar of Kikubaaqudgha.
   917 | D:2      | Became a worshipper of Kikubaaqudgha
  1068 | D:2      | Reached XP level 3. HP: 24/24 MP: 3/6
  1111 | D:2      | Learned a level 3 spell: Mephitic Cloud
  1519 | D:2      | Reached XP level 4. HP: 22/30 MP: 2/7
  1621 | D:2      | Reached skill level 1 in Conjurations
  1660 | D:2      | Noticed Sigmund
  2255 | D:3      | Reached * piety under Kikubaaqudgha
  2255 | D:3      | Received a gift from Kikubaaqudgha
  2307 | D:3      | Found a faded altar of an unknown god.
  2802 | D:4      | Reached skill level 5 in Poison Magic
  3052 | D:4      | Reached XP level 5. HP: 31/35 MP: 5/9
  3352 | D:4      | Reached ** piety under Kikubaaqudgha
  3361 | D:4      | Reached skill level 1 in Necromancy
  4293 | D:5      | Entered Level 5 of the Dungeon
  4405 | D:5      | Reached skill level 1 in Air Magic
  4405 | D:5      | Reached XP level 6. HP: 38/41 MP: 9/11
  4630 | D:5      | Found a staircase to the Ecumenical Temple.
  5475 | D:6      | Reached XP level 7. HP: 27/44 MP: 11/13
  5875 | D:6      | Reached skill level 5 in Spellcasting
  6036 | D:6      | Mangled by an ogre

Illustrated notes

Levels and vault maps discovered:
D:1:      dpeg_arrival_pits, layout_basic
D:2:      minmay_skewed_foursquare, layout_basic, basic_altar, uniq_sigmund
D:3:      layout_loops_cross, shapermc_ecumenical_altar_acropolis
D:4:      corexii_shack_village, layout_layer_cave, serial_bayou_pond_b
D:5:      layout_basic, minmay_temple_entry_tees, chequers_jeans,
          grunt_decor_mini_mirrors
D:6:      kb_forest_paths, layout_loops_cross, nicolae_twisty_statue_hallways

Skill      XL: |  1  2  3  4  5  6  7 |
---------------+----------------------+-----
Conjurations   | 1 2 |  2.9
Poison Magic   | 5 |  5.0
Spellcasting   | 3 4 5 |  5.1
Necromancy     | 1 |  1.9
Air Magic      | 1 2 |  2.3
Stealth        | |  1.0
Transmutations | |  3.2

Action                     |  1- 3 |  4- 6 |  7- 9 || total
---------------------------+-------+-------+-------++-------
  Melee: Dagger            |    61 |   135 |    51 ||   247
         Staff             |       |    10 |       ||    10
   Cast: Sting             |    46 |    72 |    34 ||   152
         Necrotise         |       |     8 |       ||     8
    Use: Scroll            |       |    11 |       ||    11
         Potion            |       |     1 |       ||     1
   Stab: Sleeping          |     5 |     4 |     1 ||    10
 Armour: Robe              |    56 |   132 |    33 ||   221
  Dodge: Dodged            |    53 |   161 |    42 ||   256

Table legend: (Time is in decaauts)
 A = Elapsed time spent in this place.
 B = Non-inter-level travel time spent in this place.
 C = Inter-level travel time spent in this place.
 D = Time resting spent in this place.
 E = Time spent auto-exploring this place.
 F = Levels seen in this place.
 G = Mean time per level.
                   A        B        C        D        E       F      G
               +--------+--------+--------+--------+--------+-----+--------+
         Total |   6021 |   5879 |    142 |    522 |   4189 |   6 | 1003.5 |
       Dungeon |   6021 |   5879 |    142 |    522 |   4189 |   6 | 1003.5 |
               +--------+--------+--------+--------+--------+-----+--------+

Top non-repeatable levels by time:
     D:4: 1876 daAuts
     D:2: 1099 daAuts
     D:5: 858 daAuts
     D:1: 826 daAuts
     D:3: 726 daAuts
     D:6: 634 daAuts
